 Dungeon Crawl Stone Soup version 0.30.1-9-gdf580d7c3d (webtiles) character file.

Game seed: 13199690303813440259

70 booth the Chopper (level 4, -5/34 HPs)
             Began as a Demonspawn Gladiator on Oct 2, 2023.
             Slain by a gnoll
             ... wielding a +0 spear
              (7 damage)
             ... on level 2 of the Dungeon.
             The game lasted 00:06:38 (1131 turns).

booth the Chopper (Demonspawn Gladiator)            Turns: 1131, Time: 00:06:39

Health: -5/34      AC:  6    Str: 16    XL:     4   Next: 3%
Magic:  4/4        EV: 13    Int:  9    God:
Gold:   81         SH:  0    Dex: 21    Spells: 3/3 levels left

rFire   . . .        a - +0 war axe (drain)
rCold   . . .        (no shield)
rNeg    . . .        b - +0 leather armour
rPois   .            c - +0 helmet
rElec   .            (no cloak)
rCorr   .            (no gloves)
SInv    .            (no boots)
Will    .....        (no amulet)
Stlth   ++           l - +6 ring of dexterity
HPRegen 0.25/turn    (no ring)
MPRegen 0.09/turn

%: no passive effects
@: no status effects
A: yellow scales 1, demonic magic 1
a: no special abilities


You were on level 2 of the Dungeon.
You visited 1 branch of the dungeon, and saw 2 of its levels.

You collected 81 gold pieces.

Inventory:

Hand Weapons
 a - a +0 war axe of draining (weapon)
Missiles
 d - 3 throwing nets (quivered)
 e - a javelin
Armour
 b - a +0 leather armour (worn)
 c - a +0 helmet (worn)
 g - a +0 ring mail
 m - a +0 scale mail of poison resistance
Jewellery
 j - a ring of ice
 l - a +6 ring of dexterity (left hand)
Scrolls
 h - a scroll of fear
 i - 2 scrolls of brand weapon
 k - a scroll of magic mapping
Potions
 f - a potion of heal wounds {unknown}
 n - a potion of brilliance
 o - a potion of attraction {unknown}


   Skills:
 + Level 2.7 Fighting
 * Level 3.3 Axes
 + Level 2.4 Throwing
 + Level 3.1 Dodging


You had 3 spell levels left.
You didn't know any spells.
Your spell library contained the following spells:

 Spells                   Type           Power      Damage    Failure   Level
 Ozocubu's Armour         Ice            0%         N/A       83%         3
 Ozocubu's Refrigeration  Ice            0%         4d7       100%        7


Dungeon Overview and Level Annotations

Branches:
Dungeon (2/15)

Altars:

Shops:
D:1 :


Innate Abilities, Weirdness & Mutations

You are partially covered in yellow scales. (AC +2)
Spells you cast may paralyse adjacent enemies.


Message History

a +0 dagger; 5 stones You hit the goblin.
You kill the goblin!
You hit the gnoll. You drain the gnoll.
The gnoll is heavily wounded.
The gnoll closely misses you.
You hit the gnoll.
The gnoll is severely wounded.
The gnoll hits you with a +0 whip. x2
You barely miss the gnoll.
The gnoll is severely wounded.
The gnoll hits you with a +0 whip.
You closely miss the gnoll.
The gnoll is severely wounded.
The gnoll hits you from afar with a +0 spear.
The gnoll barely misses you.
You hit the gnoll.
You kill the gnoll!
The gnoll closely misses you. The gnoll barely misses you. x2
You have reached level 4!
You feel agile. The gnoll hits you with a +0 whip.
The gnoll hits you from afar with a +0 spear.
* * * LOW HITPOINT WARNING * * *
The gnoll barely misses you. The gnoll closely misses you.
You hit the gnoll but do no damage. You barely miss the gnoll.
The gnoll completely misses you. The gnoll hits you with a +0 spear.
* * * LOW HITPOINT WARNING * * *
You hit the gnoll. You drain the gnoll.
The gnoll is moderately wounded.
You hit the gnoll but do no damage. The gnoll barely misses you.
The gnoll misses you.
You closely miss the gnoll.
The gnoll is moderately wounded.
You hit the gnoll. The gnoll hits you with a +0 whip.
* * * LOW HITPOINT WARNING * * *
The gnoll hits you with a +0 spear.
* * * LOW HITPOINT WARNING * * *
The gnoll completely misses you. The gnoll hits you with a +0 spear!
You die...

##..#.# #...#.# #...#.#
##.#.#.###############
#(...#.##............####
#......##...............#
#..#.†.#@................
#..)..)gg...............#
#.#.....#......).....####
#......###############
#.##.... #> ....### #
##.... ...### .##


You could see 2 gnolls.

Vanquished Creatures
  A gnoll (D:2)
  2 adders (D:2)
  A worm (D:2)
  2 dart slugs (D:2)
  3 ball pythons
  2 endoplasms (D:1)
  2 giant cockroaches (D:1)
  A goblin (D:2)
  2 hobgoblins
  4 jackals (D:1)
  4 quokkas
  2 frilled lizards (D:1)
  5 kobolds
  A rat (D:2)
32 creatures vanquished.

Notes
Turn   | Place    | Note
-------+----------+-------------------------------------------
     0 | D:1      | booth the Demonspawn Gladiator began the quest for the Orb.
     0 | D:1      | Reached XP level 1. HP: 16/16 MP: 1/1
   142 | D:1      | Gained mutation: You are partially covered in yellow
                  | scales. (AC +2) [demonic ancestry]
   142 | D:1      | Reached XP level 2. HP: 22/22 MP: 2/2
   435 | D:1      | Found Uddeunupn's Book Shoppe.
   831 | D:2      | Gained mutation: Spells you cast may paralyse adjacent
                  | enemies. [demonic ancestry]
   831 | D:2      | Reached XP level 3. HP: 27/28 MP: 3/3
  1127 | D:2      | Reached XP level 4. HP: 16/34 MP: 4/4
  1131 | D:2      | Slain by a gnoll

Illustrated notes

Levels and vault maps discovered:
D:1:      roderic_octagonal_star, layout_basic, serial_shops,
          nicolae_shop_just_a_little_nook
D:2:      minmay_evil_eye, layout_basic

Skill      XL: |  1  2 |
---------------+-------+-----
Throwing       | 2 |  2.4
Axes           | 3 |  3.3
Dodging        | 3 |  3.1
Fighting       | |  2.7

Action                     |  1- 3 |  4- 6 || total
---------------------------+-------+-------++-------
  Melee: War axe           |    91 |     3 ||    94
         Punch             |     1 |       ||     1
    Use: Scroll            |     4 |       ||     4
   Stab: Sleeping          |     1 |       ||     1
 Armour: Leather armour    |    25 |       ||    25
  Dodge: Dodged            |    91 |     6 ||    97
